Map: Sanctuary III LE

Players

Altik

  • Race: Protoss Protoss
  • League: Diamond

bege - Winner!

  • Race: Zerg Zerg
  • League: Diamond

VOD

Have the link to the VOD?

Description

Time

  • Played on: Aug. 25, 2026, 2:28 a.m.
  • Length: 21:11
Show
View Real Time Build Order
Export as new Build Order

Altik Protoss 

Build Orders: Oracle Opening 

Get SALT Encoding   

  8  0:00  Probe (Chrono Boost)  
  9  0:12  Probe (Chrono Boost)  
  10  0:18  Probe (Chrono Boost)  
  11  0:26  Probe  
  12  0:33  Pylon  
  12  0:39  Probe  
  13  0:58  Gateway, Probe  
  14  1:10  Probe  
  15  1:22  Probe  
  15  1:25  Assimilator  
  16  1:35  Probe (Chrono Boost)  
  17  1:45  Probe (Chrono Boost)  
  18  1:53  Nexus  
  18  2:00  Probe  
  19  2:07  Cybernetics Core  
  19  2:14  Probe  
  20  2:19  Pylon  
  20  2:28  Assimilator  
  20  2:30  Probe  
  21  2:40  Adept (Chrono Boost)  
  21  2:42  Probe  
  24  2:54  Probe  
  25  3:06  Probe (Chrono Boost)  
  25  3:12  Stargate  
  26  3:16  Probe (Chrono Boost)  
  26  3:18  Probe (Chrono Boost)  
  28  3:25  Warp Gate  
  28  3:26  Probe (Chrono Boost)  
  29  3:27  Adept  
  29  3:29  Probe (Chrono Boost)  
  29  3:31  Probe (Chrono Boost)  
  33  3:38  Probe  
  34  3:42  Probe  
  35  3:48  Pylon  
  35  3:50  Probe  
  35  3:54  Probe  
  37  3:57  Oracle  
  37  4:00  Adept  
  42  4:06  Probe x2  
  44  4:24  Nexus  
  44  4:26  Pylon  
  44  4:35  Gateway  
  44  4:43  Oracle  
  44  4:45  Zealot  
  49  4:46  Probe x2  
  49  4:50  Twilight Council  
  53  5:21  Probe x2  
  53  5:25  Zealot  
  53  5:27  Forge  
  55  5:33  Probe x2  
  57  5:39  Zealot  
  58  5:52  Zealot x2  
  58  5:55  Charge  
  62  6:01  Probe  
  62  6:02  Probe, Protoss Ground Weapons Level 1 (Chrono Boost)  
  62  6:03  Probe  
  65  6:05  Zealot  
  65  6:06  Zealot  
  69  6:13  Probe  
  70  6:20  Photon Cannon x2  
  70  6:21  Zealot  
  70  6:22  Gateway x2  
  71  6:27  Pylon x2  
  71  6:28  Gateway  
  71  6:44  Zealot x2  
  71  6:45  Probe x2  
  77  6:51  Robotics Facility, Probe  
  77  6:52  Robotics Facility  
  78  6:57  Probe  
  79  7:09  Stalker x3  
  79  7:10  Zealot  
  87  7:16  Assimilator  
  87  7:19  Assimilator  
  87  7:22  Pylon  
  87  7:23  Pylon  
  87  7:30  Pylon x2  
  87  7:34  Shield Battery  
  87  7:40  Zealot x3, Probe x2  
  87  7:41  Pylon, Zealot x2, Probe  
  87  7:43  Pylon  
  100  7:52  Probe x2  
  102  8:02  Immortal x2 (Chrono Boost), Protoss Ground Weapons Level 2 (Chrono Boost)  
  110  8:12  Robotics Bay, Zealot x4  
  118  8:15  Probe (Chrono Boost)  
  118  8:16  Probe x2 (Chrono Boost)  
  121  8:35  Zealot x5  
  121  8:38  Pylon  
  121  8:40  Pylon  
  131  8:43  Shield Battery  
  131  8:44  Probe x3  
  134  8:57  Stalker x4  
  134  8:58  Stalker  
  144  9:04  Pylon  
  144  9:06  Pylon, Extended Thermal Lance  
  144  9:18  Stalker x2  
  144  9:19  Stalker  
  144  9:21  Probe  
  144  9:22  Stalker, Probe  
  154  9:27  Assimilator  
  154  9:29  Colossus (Chrono Boost)  
  154  9:31  Assimilator  
  154  9:37  Colossus (Chrono Boost)  
  160  9:51  Pylon  
  160  9:52  Pylon  
  158  10:01  Probe x2  
  160  10:09  Pylon  
  160  10:12  Colossus (Chrono Boost)  
  166  10:18  Nexus  
  166  10:19  Pylon  
  123  10:29  Stalker x4  
  102  10:43  Zealot x5  
  100  10:54  Colossus (Chrono Boost)  
  100  10:56  Zealot  
  92  11:01  Probe x3  
  99  11:05  Immortal (Chrono Boost)  
  103  11:13  Probe x3  
  103  11:15  Protoss Ground Weapons Level 3 (Chrono Boost)  
  106  11:25  Probe x3  
  109  11:30  Probe  
  110  11:34  Immortal (Chrono Boost)  
  110  11:37  Probe, Zealot x2  
  119  11:43  Immortal (Chrono Boost)  
  119  11:46  Probe  
  124  11:47  Probe  
  124  11:49  Probe  
  126  12:02  Probe x3  
  127  12:17  Zealot x4  
  133  12:30  Zealot x4  
  133  12:31  Zealot  
  121  12:53  Nexus  
  121  12:54  Stalker  
  121  12:55  Stalker x4  
  131  13:01  Immortal (Chrono Boost)  
  131  13:03  Immortal (Chrono Boost)  
  139  13:18  Zealot x3  
  139  13:19  Zealot x2  
  149  13:23  Templar Archives  
  146  13:37  Observer (Chrono Boost)  
  135  13:56  Immortal x2  
  135  13:59  High Templar x4  
  135  14:00  High Templar  
  153  14:09  Probe x3  
  156  14:19  High Templar x4  
  156  14:20  Zealot  
  166  14:32  Protoss Ground Armor Level 1 (Chrono Boost)  
  166  14:33  Zealot, Archon  
  166  14:34  Archon  
  172  14:38  Immortal (Chrono Boost)  
  172  14:39  Zealot  
  172  14:43  Pylon  
  172  14:44  Pylon  
  174  14:45  Pylon  
  174  14:50  Nexus  
  174  14:53  Pylon  
  174  14:54  Archon x2  
  174  14:58  Immortal (Chrono Boost)  
  174  15:01  Zealot x2  
  174  15:02  Pylon  
  174  15:04  Pylon  
  174  15:05  Pylon  
  182  15:09  High Templar x2  
  182  15:11  Zealot  
  182  15:14  Zealot  
  182  15:15  Observer (Chrono Boost)  
  185  15:25  Colossus  
  191  15:28  Photon Cannon  
  191  15:29  Shield Battery  
  191  15:33  Archon  
  190  15:35  High Templar x2  
  156  15:54  Colossus  
  153  15:59  Probe  
  153  16:00  Probe x2  
  153  16:02  Probe  
  151  16:04  Photon Cannon  
  151  16:06  Shield Battery  
  148  16:11  Probe  
  148  16:12  Probe  
  150  16:20  High Templar x2  
  150  16:22  Zealot x2  
  158  16:28  Probe x2  
  158  16:29  Probe x2  
  162  16:34  Assimilator x2  
  114  17:10  Nexus  
  114  17:11  Zealot  
  114  17:12  Zealot  
  114  17:13  High Templar  
  120  17:18  Archon  
  115  17:55  Stalker x5  
Show
View Real Time Build Order
Export as new Build Order

bege Zerg - Winner!

Build Orders: Hatch First, Roach Hydra 

Get SALT Encoding   

  8  0:00  Drone  
  9  0:10  Drone  
  10  0:17  Drone  
  11  0:28  Overlord  
  11  0:33  Drone  
  12  0:46  Drone x2  
  14  0:50  Drone  
  15  1:03  Drone  
  16  1:21  Hatchery  
  16  1:24  Drone  
  16  1:40  Spawning Pool  
  16  1:43  Drone  
  16  1:49  Drone  
  16  1:50  Drone  
  18  1:58  Drone  
  19  2:04  Drone  
  19  2:06  Extractor  
  19  2:13  Drone  
  20  2:31  Hatchery  
  20  2:32  Zergling x2  
  20  2:36  Drone x2  
  22  2:45  Queen  
  24  2:52  Overlord  
  24  3:08  Overlord  
  24  3:10  Queen  
  24  3:12  Drone  
  27  3:15  Drone  
  27  3:18  Drone  
  29  3:22  Drone  
  29  3:25  Drone  
  31  3:29  Metabolic Boost  
  31  3:34  Zergling x2  
  32  3:35  Drone  
  32  3:41  Drone x2  
  35  3:44  Zergling x2  
  35  3:46  Zergling x2  
  37  3:51  Overlord  
  37  3:59  Queen  
  37  4:01  Zergling x2  
  40  4:03  Drone  
  40  4:05  Drone  
  40  4:07  Drone  
  43  4:11  Overlord  
  42  4:17  Lair  
  42  4:26  Overlord x2  
  42  4:28  Zergling x2  
  42  4:31  Zergling x4  
  45  4:33  Drone  
  45  4:34  Drone  
  45  4:38  Drone x2  
  48  4:40  Drone  
  48  4:42  Drone  
  48  4:44  Drone  
  52  4:48  Spore Crawler  
  52  4:51  Spore Crawler  
  50  4:57  Spore Crawler  
  48  5:00  Extractor  
  48  5:04  Drone  
  48  5:05  Drone x5  
  51  5:08  Drone x2  
  51  5:11  Drone  
  51  5:12  Drone  
  55  5:20  Drone x5  
  58  5:25  Drone x3  
  58  5:26  Drone  
  62  5:32  Extractor  
  62  5:33  Extractor  
  62  5:34  Roach Warren  
  59  5:36  Extractor, Drone  
  59  5:37  Hydralisk Den  
  59  5:40  Overlord  
  58  5:43  Overlord  
  58  5:44  Drone  
  58  5:51  Drone x6  
  58  5:56  Drone x2  
  64  6:04  Queen  
  64  6:07  Extractor  
  64  6:08  Extractor  
  64  6:14  Grooved Spines, Glial Reconstitution  
  64  6:18  Hatchery  
  63  6:19  Drone x5  
  63  6:20  Drone x3  
  71  6:26  Roach x3  
  71  6:31  Roach x2  
  81  6:34  Roach x2  
  81  6:39  Roach x2  
  91  6:40  Roach  
  91  6:47  Overlord x3  
  91  6:55  Evolution Chamber  
  91  6:57  Evolution Chamber  
  91  6:59  Hatchery  
  88  7:02  Drone x3  
  91  7:09  Hydralisk x3  
  91  7:12  Hydralisk  
  99  7:21  Muscular Augments, Hydralisk x2  
  99  7:22  Hydralisk  
  103  7:25  Hydralisk  
  103  7:27  Hydralisk  
  103  7:28  Ravager  
  103  7:29  Ravager x2  
  112  7:30  Ravager  
  112  7:32  Hydralisk  
  112  7:34  Hydralisk  
  117  7:39  Drone x3  
  120  7:50  Zerg Missile Weapons Level 1, Zerg Ground Armor Level 1  
  120  7:51  Spore Crawler  
  120  7:58  Drone  
  120  8:05  Overlord x5  
  120  8:08  Spore Crawler  
  119  8:18  Hydralisk x2  
  123  8:21  Overlord  
  123  8:22  Overlord x2, Extractor  
  123  8:26  Extractor, Spire  
  120  8:27  Hatchery  
  119  8:35  Roach x6  
  119  8:36  Roach  
  133  8:41  Roach x2  
  133  8:42  Roach  
  133  8:43  Drone  
  138  8:56  Roach x5  
  138  8:57  Roach x3  
  138  9:01  Roach x2  
  158  9:04  Ravager x4  
  158  9:05  Ravager x3  
  165  9:15  Overlord x3  
  165  9:16  Hydralisk x2  
  165  9:18  Hydralisk  
  165  9:21  Drone x2  
  173  9:25  Drone x3  
  173  9:26  Drone  
  173  9:30  Roach x2  
  181  9:44  Drone x5, Infestation Pit  
  181  9:45  Drone x4  
  188  9:46  Drone  
  189  10:06  Hatchery  
  134  10:45  Roach x7  
  134  10:46  Roach x5  
  141  10:53  Roach x8  
  141  10:55  Roach x4  
  141  10:56  Hydralisk x4  
  141  10:57  Hydralisk x2  
  145  11:11  Hydralisk x5  
  143  11:12  Hydralisk  
  143  11:16  Zerg Missile Weapons Level 2, Zerg Ground Armor Level 2  
  143  11:17  Neural Parasite  
  155  11:18  Hive  
  155  11:19  Hydralisk x4  
  155  11:21  Ravager x6  
  155  11:22  Ravager  
  155  11:23  Overseer  
  155  11:25  Overseer  
  170  11:27  Overseer  
  170  11:30  Drone x5  
  175  11:45  Corruptor x4  
  183  11:48  Zergling x12  
  183  11:49  Zergling x2  
  183  11:50  Zergling x2  
  183  11:52  Ravager  
  183  11:53  Ravager  
  186  12:25  Roach x7  
  200  12:38  Greater Spire  
  200  12:39  Baneling Nest  
  200  12:42  Zergling x2  
  200  12:43  Ultralisk Cavern  
  173  12:51  Corruptor x3  
  173  12:52  Corruptor x3  
  173  12:54  Zergling x26  
  173  12:55  Zergling x8  
  200  13:00  Burrow, Pneumatized Carapace  
  189  13:55  Corruptor x5  
  179  13:56  Corruptor x5  
  199  14:07  Centrifugal Hooks  
  199  14:09  Baneling x4  
  199  14:10  Baneling x14  
  199  14:11  Baneling  
  199  14:12  Baneling  
  199  14:28  Extractor  
  199  14:30  Extractor  
  197  14:31  Zerg Missile Weapons Level 3, Zerg Ground Armor Level 3  
  197  14:35  Zergling x4  
  197  14:38  Hatchery  
  198  14:58  Zergling x2  
  195  15:18  Zergling x8  
  199  15:48  Zergling x2  
  199  15:49  Zergling x30  
  188  15:50  Zergling x14  
  176  15:57  Zergling x2  
  176  15:58  Unknown, Zergling x52  
  176  16:00  Baneling x2  
  176  16:01  Baneling x8  
  200  16:06  Zergling x4  
  200  16:07  Zergling x4  
  192  16:19  Zergling x16  
  192  16:25  Baneling x5  
  200  16:26  Baneling x25  
  139  16:56  Roach  
  139  16:57  Roach x23  
  139  16:58  Roach x8  
  191  17:07  Brood Lord x4  
  168  17:54  Brood Lord  
  168  17:55  Brood Lord x7  
  180  17:59  Roach x8  
  180  18:00  Roach x2  
  200  18:10  Zergling x2  
  169  18:35  Corruptor  
  169  18:36  Corruptor x3  
  174  18:42  Drone x3  
  174  18:43  Drone x6  
  182  18:49  Extractor  
  182  18:50  Extractor  
  178  19:00  Extractor  
  178  19:01  Extractor  
  175  19:03  Hatchery  
  175  19:07  Roach x6  
  175  19:08  Roach x2  
  186  19:19  Spawning Pool  
  156  19:56  Drone x3  
  156  19:57  Drone x3  
  159  20:00  Drone x3  
Tags
 
Add a new tag
Caveats
  • Supply blocks, unpowered buildings, or Contaminate may cause inaccurate times.
  • Supply counts are checked every 10 seconds.